 Dungeon Crawl Stone Soup version 0.30-a0-3-gc9032a9cac (webtiles) character file.

Game seed: 18383530922473837265

9 BritishOli the Trooper (level 2, 24/24 HPs)
             Began as a Demonspawn Fighter on Aug 20, 2022.
             Got out of the dungeon alive.
             The game lasted 00:00:20 (439 turns).

BritishOli the Trooper (Demonspawn Fighter)          Turns: 439, Time: 00:00:20

Health: 24/24      AC:  6    Str: 16    XL:     2   Next: 6%
Magic:  2/2        EV:  8    Int:  9    God:
Gold:   25         SH:  4    Dex: 12    Spells: 1/1 levels left

rFire   . . .      SeeInvis .    a - +0 long sword
rCold   . . .      Faith    .    c - +0 buckler
rNeg    . . .      Spirit   .    b - +0 scale mail
rPois   .          Reflect  .    (no helmet)
rElec   .          Harm     .    (no cloak)
rCorr   .          Rampage  .    (no gloves)
Will    .....                    (no boots)
Stlth   ..........               (no amulet)
HPRegen 0.08/turn                (no ring)
MPRegen 0.08/turn                (no ring)

@: no status effects
A: powered by pain 1
a: no special abilities


You escaped.
You visited 1 branch of the dungeon, and saw 1 of its levels.

You collected 25 gold pieces.

Inventory:

Hand Weapons
 a - a +0 long sword (weapon)
Armour
 b - a +0 scale mail (worn)
 c - a +0 buckler (worn)
Jewellery
 f - a ring of see invisible
Scrolls
 h - a scroll of immolation {unknown}
Potions
 d - a potion of might
 e - 2 potions of curing {unknown}
 g - a potion of mutation {unknown}


   Skills:
 + Level 3.1 Fighting
 + Level 2.0 Long Blades
 + Level 2.8 Armour
 + Level 2.8 Shields


You had one spell level left.
You didn't know any spells.
Your spell library was empty.

Dungeon Overview and Level Annotations

Branches:
Dungeon (1/15)

Altars:


Innate Abilities, Weirdness & Mutations

You sometimes gain a little power by taking damage.


Message History

You kill the bat!
A goblin comes into view. It is wielding a +0 dagger.
A goblin is nearby!
Found a small gilded ring.
A goblin is nearby!
A goblin is nearby!
A goblin is nearby!
You barely miss the goblin. The goblin barely misses you.
A goblin is nearby!
You completely miss the goblin. The goblin hits you with a +0 dagger.
A goblin is nearby!
You hit the goblin.
You kill the goblin!
Your Long Blades skill increases to level 2!
You have reached level 2!
Your demonic ancestry asserts itself...
You feel energised by your suffering.
A ball python comes into view.
The ball python hisses angrily.
A ball python is nearby!
A ball python is nearby!
Found 10 gold pieces.
You slash the ball python!
You kill the ball python!
f - a ring of see invisible No target in view!
There is an empty arch of ancient stone here.
You now have 17 gold pieces (gained 10).
g - a fizzy emerald potion No target in view!
You now have 25 gold pieces (gained 8).
h - a scroll labelled OCLAUPP SOASARPHE
Okay, then.
No target in view!
You enter the shallow water.
Moving in this stuff is going to be slow.
There is a large open door here.
There is a staircase leading out of the dungeon here.
Are you sure you want to leave the Dungeon?
This will make you lose the game!
You have escaped!

.......÷..# #........#..
..........# #.#####.....
########'## #.# #.##..
#.......####.# ...##..
#.~~~≈§≈§~~~.# #.####..
######.~8~~≈≈~~8~.# #.
... #...##.~~8~~~~8~~.#
# ##..
#..[##.≈~~####~~≈.# #..
#...##.≈≈~#@)#~≈≈.###.
#..
#...##.≈≈~#..#~§≈.....
##...#..§~~#''#~~≈####..
#.......~~8~~~~8~~#
#....#..~8~~≈≈~~8~#
#.####..~~~≈≈≈≈~~~# #.#
#..........###
#.#####.#.......#
#...........#####


There were no monsters in sight!

Vanquished Creatures
  A bat (D:1)
  2 goblins (D:1)
  A hobgoblin (D:1)
  A quokka (D:1)
  2 ball pythons (D:1)
  A rat (D:1)
8 creatures vanquished.

Notes
Turn   | Place    | Note
-------+----------+-------------------------------------------
     0 | D:1      | BritishOli the Demonspawn Fighter began the quest for the
                  | Orb.
     0 | D:1      | Reached XP level 1. HP: 18/18 MP: 1/1
   278 | D:1      | Found a faded altar of an unknown god.
   297 | D:1      | Gained mutation: You sometimes gain a little power by
                  | taking damage. [demonic ancestry]
   297 | D:1      | Reached XP level 2. HP: 19/24 MP: 2/2
   439 | D:$      | Got out of the dungeon alive.

Illustrated notes

Levels and vault maps discovered:
D:1:      lightli_arrival_boilingwater, layout_basic,
          hellmonk_ecumenical_altar_arch_garden, nicolae_shop_vocational

Skill      XL: |  1 |
---------------+----+-----
Long Blades    | 2 |  2.0
Fighting       | |  3.1
Armour         | |  2.8
Shields        | |  2.8

Action                   || total
-------------------------++-------
Melee: Long sword        ||    27
Armor: Scale mail        ||    10
Dodge: Dodged            ||    15
Block: Buckler           ||     7

Table legend: (Time is in decaauts)
 A = Elapsed time spent in this place.
 B = Non-inter-level travel time spent in this place.
 C = Inter-level travel time spent in this place.
 D = Time resting spent in this place.
 E = Time spent auto-exploring this place.
 F = Levels seen in this place.
 G = Mean time per level.
                   A        B        C        D        E       F      G
               +--------+--------+--------+--------+--------+-----+--------+
         Total |    454 |    414 |     40 |      0 |    352 |   1 |  454.0 |
       Dungeon |    454 |    414 |     40 |      0 |    352 |   1 |  454.0 |
               +--------+--------+--------+--------+--------+-----+--------+

Top non-repeatable levels by time:
     D:1: 454 daAuts
